Map: [EWC] Amphion

Players

Solar

  • Race: Zerg Zerg
  • Spawn Location: 7:00

Reynor - Winner!

  • Race: Zerg Zerg
  • Spawn Location: 11:00

Event: Esports World Cup 2024

VOD

Have the link to the VOD?

Description

Time

  • Played on: Aug. 16, 2024, 5:42 a.m.
  • Length: 15:17

All games in this series

Show
View Real Time Build Order
Export as new Build Order

Solar Zerg 

Build Orders: Hatch First 

Get SALT Encoding   

  12  0:00  Drone  
  13  0:12  Overlord  
  13  0:17  Drone  
  14  0:31  Drone x2  
  16  0:49  Hatchery  
  15  0:52  Drone  
  15  0:55  Drone  
  17  0:59  Drone  
  18  1:09  Extractor  
  17  1:14  Spawning Pool  
  17  1:18  Drone  
  17  1:21  Drone  
  18  1:28  Drone  
  19  1:39  Drone  
  20  1:53  Drone  
  21  2:01  Queen x2  
  21  2:02  Zergling x2  
  21  2:04  Overlord  
  26  2:11  Drone x2  
  28  2:16  Metabolic Boost  
  28  2:23  Drone x2  
  30  2:37  Hatchery  
  30  2:40  Drone  
  30  2:44  Drone  
  30  2:46  Overlord  
  30  2:49  Drone  
  32  2:57  Drone x2  
  34  3:01  Evolution Chamber  
  34  3:04  Drone  
  34  3:09  Drone x4  
  37  3:13  Zergling x4  
  37  3:18  Zergling x2  
  40  3:20  Zergling x2  
  40  3:23  Roach Warren  
  40  3:25  Zergling x2  
  42  3:29  Overlord  
  42  3:32  Zergling x2  
  43  3:39  Drone  
  44  3:45  Overlord  
  44  4:00  Overlord  
  44  4:01  Queen  
  44  4:02  Drone  
  47  4:04  Roach x3  
  47  4:08  Roach x2  
  47  4:09  Drone  
  58  4:10  Extractor  
  58  4:12  Drone  
  58  4:13  Evolution Chamber  
  58  4:15  Drone  
  58  4:17  Overlord  
  58  4:24  Lair  
  58  4:25  Drone x4  
  58  4:30  Zergling x6  
  58  4:31  Zergling x2  
  65  4:33  Zergling x2  
  65  4:38  Zergling x2  
  67  4:40  Zerg Ground Armor Level 1  
  67  4:44  Zergling x2  
  67  4:45  Zergling x2  
  69  4:49  Zergling x2  
  69  4:52  Zergling x2  
  71  4:55  Overlord  
  71  4:57  Zergling x8  
  76  5:02  Drone x2  
  76  5:04  Drone  
  77  5:09  Extractor  
  77  5:11  Drone  
  77  5:12  Drone x3  
  78  5:16  Drone  
  79  5:22  Glial Reconstitution  
  79  5:23  Overseer  
  79  5:25  Drone x3  
  79  5:26  Roach x3  
  88  5:28  Extractor  
  88  5:32  Roach  
  85  5:37  Roach x2  
  85  5:38  Drone  
  85  5:39  Overlord x2  
  90  5:46  Overlord  
  90  5:50  Overlord  
  90  5:53  Overlord  
  90  5:55  Overlord  
  90  5:58  Drone x2  
  90  6:00  Drone x2  
  90  6:01  Drone  
  90  6:03  Drone  
  96  6:05  Extractor  
  96  6:06  Roach x3  
  96  6:08  Roach  
  103  6:11  Roach  
  105  6:19  Roach x3  
  105  6:24  Roach x2  
  115  6:26  Roach  
  115  6:30  Roach x2  
  120  6:37  Drone x2  
  120  6:39  Drone  
  121  6:43  Roach x4  
  128  6:47  Roach  
  128  6:50  Roach x3  
  128  6:52  Overlord  
  136  6:54  Overlord  
  136  6:55  Zerg Missile Weapons Level 1  
  136  6:57  Overlord  
  136  7:01  Overlord  
  136  7:02  Overlord  
  136  7:04  Overlord  
  135  7:10  Overlord  
  125  7:20  Roach x7  
  125  7:22  Roach  
  128  7:30  Drone x2, Spire, Extractor  
  128  7:31  Drone  
  128  7:33  Drone x2  
  131  7:39  Drone  
  131  7:40  Drone  
  131  7:41  Overlord  
  131  7:42  Overseer  
  133  7:45  Ravager  
  133  7:46  Ravager  
  133  7:47  Roach x3  
  133  7:51  Overlord  
  141  7:52  Roach  
  141  7:54  Drone x3  
  146  8:01  Roach x2  
  150  8:10  Hatchery  
  150  8:12  Drone  
  150  8:14  Drone  
  150  8:16  Roach x3  
  150  8:17  Overlord  
  157  8:25  Roach x2  
  161  8:37  Roach  
  163  8:42  Mutalisk x9  
  163  8:47  Overlord  
  181  8:49  Roach  
  181  8:55  Roach x2  
  177  9:02  Roach x3  
  187  9:03  Roach x2  
  187  9:13  Roach x5  
  187  9:15  Roach  
  187  9:16  Zerg Missile Weapons Level 2  
  199  9:19  Roach  
  199  9:51  Roach x9  
  185  9:55  Roach x10  
  185  10:01  Roach  
  185  10:02  Roach  
  164  10:07  Roach x3  
  164  10:08  Roach  
  164  10:09  Queen  
  164  10:10  Nydus Network  
  164  10:14  Roach  
  173  10:18  Roach x3  
  179  10:26  Roach  
  164  10:29  Roach x3  
  164  10:35  Roach  
  160  10:39  Roach x7  
  172  10:44  Ravager x2  
  172  10:48  Roach  
  176  10:51  Roach x3  
  176  10:53  Extractor  
  181  10:57  Roach  
  181  11:00  Roach x2  
  187  11:04  Roach  
  187  11:05  Roach x2  
  187  11:08  Roach x3  
  187  11:11  Nydus Canal  
  199  11:30  Roach x2  
  189  11:33  Nydus Canal  
  189  11:34  Roach x6  
  199  11:46  Roach x2  
  199  11:48  Roach  
  199  11:49  Roach  
  199  11:51  Roach x2  
  199  11:52  Roach  
  199  11:53  Drone x3  
  196  11:54  Roach x2  
  196  11:57  Roach x2  
  196  11:58  Roach  
  188  12:04  Roach x2  
  188  12:06  Queen  
  188  12:07  Roach x6  
  188  12:08  Roach x2  
  199  12:11  Roach x3  
  185  12:16  Roach  
  185  12:19  Roach x3  
  182  12:27  Roach  
  176  12:30  Roach x2  
  176  12:32  Roach  
  175  12:37  Roach  
  175  12:41  Roach  
  175  12:49  Roach  
  175  12:50  Roach x3  
  178  12:58  Ravager  
  179  13:06  Hatchery, Ravager  
  179  13:07  Ravager  
  179  13:09  Roach x2  
  184  13:15  Roach x2  
  188  13:22  Roach x2  
  190  13:31  Roach x3  
  160  13:35  Roach  
  160  13:39  Infestation Pit, Roach x2  
  159  13:41  Ravager  
  159  13:47  Roach x3  
  159  13:48  Drone x5  
  163  13:51  Drone  
  163  13:53  Ravager  
  164  13:56  Roach x2  
  164  13:57  Ravager  
  164  13:58  Ravager  
  164  13:59  Ravager  
  171  14:03  Roach  
  171  14:07  Roach x3  
  170  14:10  Ravager x2  
  170  14:13  Ravager  
  170  14:14  Roach  
  170  14:15  Roach  
  171  14:31  Roach x2  
  171  14:32  Roach x4  
  183  14:39  Roach  
  183  14:42  Ravager  
  186  14:46  Ravager  
  186  14:49  Roach x2  
  186  14:50  Roach  
  183  14:56  Roach x4  
  142  15:10  Ravager x2  
Show
View Real Time Build Order
Export as new Build Order

Reynor Zerg - Winner!

Build Orders: Hatch First 

Get SALT Encoding   

  12  0:00  Drone  
  13  0:08  Drone  
  14  0:14  Extractor  
  14  0:15  Drone  
  15  0:37  Hatchery  
  15  0:41  Extractor  
  13  0:43  Drone  
  13  0:49  Overlord  
  15  1:04  Spawning Pool  
  15  1:08  Drone  
  15  1:12  Drone  
  15  1:15  Drone  
  17  1:19  Drone  
  18  1:30  Drone, Extractor  
  18  1:43  Drone  
  19  1:50  Queen x2  
  19  1:52  Drone  
  24  1:54  Drone  
  24  2:00  Drone  
  26  2:03  Overlord  
  26  2:11  Drone  
  26  2:12  Drone  
  28  2:23  Drone x2  
  28  2:26  Queen  
  32  2:31  Queen  
  32  2:35  Overlord  
  34  2:38  Drone  
  34  2:44  Drone  
  36  2:53  Drone  
  36  2:54  Evolution Chamber  
  36  2:55  Drone  
  36  2:57  Drone  
  38  2:59  Drone x4  
  38  3:03  Overlord  
  42  3:06  Drone  
  42  3:10  Drone  
  44  3:14  Overlord  
  44  3:21  Zerg Missile Weapons Level 1  
  44  3:22  Drone x2  
  46  3:33  Drone x2  
  46  3:34  Drone  
  49  3:37  Hatchery  
  48  3:42  Drone x2  
  48  3:47  Roach Warren, Overlord  
  49  3:51  Drone  
  49  3:52  Drone, Evolution Chamber  
  49  3:53  Drone  
  49  3:55  Drone x2  
  52  3:58  Extractor  
  52  3:59  Extractor x2  
  50  4:06  Lair  
  50  4:07  Drone x2  
  50  4:08  Drone x3  
  50  4:09  Overlord  
  55  4:23  Overlord  
  55  4:25  Queen  
  55  4:28  Roach x4  
  65  4:37  Spine Crawler  
  64  4:38  Spine Crawler  
  64  4:39  Spine Crawler, Roach  
  64  4:40  Roach  
  64  4:45  Roach  
  68  4:46  Roach  
  68  4:49  Roach  
  68  4:50  Roach  
  74  4:54  Roach  
  76  5:03  Roach x4  
  76  5:06  Overseer  
  84  5:11  Glial Reconstitution  
  84  5:13  Overlord  
  85  5:21  Overlord  
  85  5:27  Zerg Missile Weapons Level 2  
  85  5:32  Evolution Chamber  
  85  5:35  Hatchery  
  83  5:38  Drone  
  84  5:45  Roach x5  
  84  5:48  Roach  
  96  5:50  Roach  
  96  5:52  Roach  
  96  5:55  Overlord  
  100  6:04  Zerg Ground Armor Level 1  
  100  6:08  Overlord  
  100  6:14  Drone  
  100  6:15  Drone x3  
  100  6:16  Drone x3  
  107  6:20  Ravager  
  107  6:21  Overlord  
  108  6:26  Overlord  
  108  6:28  Ravager x3  
  108  6:29  Drone  
  108  6:30  Drone  
  108  6:32  Drone  
  114  6:37  Drone  
  113  6:40  Drone x3  
  113  6:44  Drone x2  
  117  6:52  Roach x3  
  123  6:57  Roach x2  
  123  7:01  Roach  
  126  7:04  Roach  
  127  7:12  Roach x3  
  129  7:16  Roach  
  129  7:20  Roach x2  
  126  7:24  Roach x2  
  126  7:28  Drone x2  
  132  7:32  Drone  
  133  7:40  Overlord  
  133  7:43  Drone x2, Roach  
  137  7:44  Overlord  
  137  7:45  Overlord  
  137  7:52  Drone  
  137  7:53  Overlord  
  137  7:54  Extractor  
  137  7:55  Pneumatized Carapace  
  137  8:02  Roach x4  
  137  8:04  Roach  
  147  8:11  Ravager  
  147  8:12  Ravager x2  
  150  8:13  Drone x3  
  150  8:15  Extractor  
  150  8:16  Roach x3  
  158  8:24  Roach x2  
  158  8:26  Overlord  
  162  8:27  Roach  
  162  8:31  Drone x2  
  162  8:32  Hatchery  
  165  8:34  Ravager  
  165  8:35  Overlord  
  165  8:37  Roach  
  168  8:43  Roach  
  174  8:48  Roach x3  
  174  8:49  Overlord, Roach  
  172  8:55  Roach x3  
  172  8:59  Overlord  
  172  9:00  Roach x2  
  173  9:07  Roach x4  
  173  9:09  Ravager  
  180  9:13  Drone  
  180  9:14  Overlord  
  180  9:16  Roach x2  
  185  9:20  Spore Crawler  
  185  9:21  Spore Crawler  
  185  9:22  Spore Crawler  
  179  9:27  Ravager  
  179  9:28  Roach x3  
  186  9:34  Drone x4  
  188  9:41  Spore Crawler  
  187  9:47  Roach x3  
  178  9:54  Roach  
  178  9:55  Roach x2  
  174  10:02  Roach x4  
  174  10:03  Roach  
  177  10:17  Roach x7  
  188  10:24  Roach x3  
  186  10:29  Roach x2  
  186  10:35  Spore Crawler  
  185  10:41  Hydralisk Den  
  182  10:46  Queen  
  182  10:48  Spore Crawler  
  183  10:50  Ravager  
  183  10:51  Drone x2, Ravager x2  
  183  10:52  Drone x3  
  191  10:57  Overlord  
  191  11:03  Drone x5  
  196  11:10  Spore Crawler  
  195  11:16  Muscular Augments  
  195  11:17  Hydralisk x2  
  199  11:18  Lurker Den  
  199  11:19  Overseer  
  196  11:31  Roach x3  
  200  11:38  Roach x5  
  198  11:49  Roach x2  
  184  11:56  Roach x6  
  178  12:03  Hydralisk  
  178  12:04  Roach x2  
  171  12:10  Roach x3  
  175  12:16  Roach x3  
  175  12:22  Roach x2  
  177  12:30  Lurker x3  
  147  12:41  Drone x4  
  147  12:42  Lair  
  147  12:43  Extractor x2  
  149  12:44  Hydralisk x2  
  149  12:50  Hydralisk x2  
  139  13:01  Hydralisk x2  
  139  13:02  Hydralisk  
  145  13:05  Ravager  
  145  13:06  Ravager  
  145  13:07  Roach x2  
  145  13:08  Queen  
  145  13:10  Ravager  
  145  13:12  Roach  
  156  13:15  Roach  
  156  13:18  Hydralisk  
  160  13:20  Roach  
  160  13:26  Roach x2  
  162  13:27  Roach  
  162  13:29  Roach  
  162  13:34  Roach  
  156  13:39  Roach x2  
  162  13:41  Roach  
  162  13:44  Ravager x2  
  162  13:45  Ravager  
  162  13:46  Queen x2  
  169  13:51  Roach x2  
  173  13:56  Roach  
  173  14:00  Roach  
  175  14:06  Roach x2  
  179  14:13  Roach x3  
  185  14:18  Overlord  
  185  14:20  Roach x2  
  185  14:24  Roach x2  
  191  14:28  Roach  
  191  14:39  Roach x3  
  191  14:41  Hydralisk  
  199  14:50  Overlord  
  193  14:53  Roach x2  
Tags
 
Add a new tag
Caveats
  • Supply blocks, unpowered buildings, or Contaminate may cause inaccurate times.
  • Supply counts are checked every 10 seconds.